 Dungeon Crawl Stone Soup version 0.30-a0-743-gbfdf073431 (webtiles) character file.

Game seed: 17232605691937633164

2505 omnomnOMINOUS the Covert (level 9, -4/61 HPs)
             Began as an Octopode Wanderer on Feb 6, 2023.
             Was an Initiate of Hepliaklqana.
             Killed from afar by a white imp (9 damage)
             ... with a puff of frost
             ... on level 7 of the Dungeon.
             The game lasted 00:14:56 (6590 turns).

omnomnOMINOUS the Covert (Octopode Wanderer)        Turns: 6590, Time: 00:14:57

Health: -4/61      AC:  1    Str:  8    XL:     9   Next: 53%
Magic:  13/15      EV: 20    Int: 16    God:    Hepliaklqana [......]
Gold:   215        SH:  0    Dex: 17    Spells: 9/16 levels left

rFire   . . .      SeeInvis .    a - +2 dagger
rCold   . . .      Faith    .    (no shield)
rNeg    . . .      Spirit   .    y - +0 hat
rPois   .          Reflect  .    (no amulet)
rElec   .          Harm     .    i - +5 ring of evasion
rCorr   .          Rampage  .    (no ring)
Will    .....                    (no ring)
Stlth   +++++                    (no ring)
HPRegen 0.30/turn                (no ring)
MPRegen 0.14/turn                (no ring)
                                 (no ring)
                                 (no ring)

@: no status effects
A: almost no armour, amphibious, 8 rings, camouflage 1, gelatinous body 1,
(nimble swimmer 1), tentacles
a: Renounce Religion


You were on level 7 of the Dungeon.
You worshipped Hepliaklqana.
Hepliaklqana was noncommittal.
You visited 2 branches of the dungeon, and saw 8 of its levels.
You also visited: Sewer.

You collected 215 gold pieces.

Inventory:

Hand Weapons
 a - a +2 dagger (weapon)
 b - a +0 short sword of electrocution
 c - a +0 dagger of venom
Missiles
 g - 5 poisoned darts
Armour
 y - a +0 hat (worn)
Jewellery
 i - a +5 ring of evasion (left tentacle)
 B - an amulet of regeneration
Scrolls
 e - 4 scrolls of teleportation {unknown}
 f - 6 scrolls of noise
 h - 2 scrolls of butterflies {unknown}
 j - 4 scrolls of magic mapping {unknown}
 l - 15 scrolls of identify {unknown}
 p - 2 scrolls of enchant armour {unknown}
 q - 3 scrolls of fog {unknown}
 r - 2 scrolls of fear
 s - a scroll of poison {unknown}
 t - 2 scrolls of torment {unknown}
 v - a scroll of amnesia {unknown}
 x - a scroll of immolation {unknown}
Potions
 d - 3 potions of curing
 k - 2 potions of degeneration
 m - a potion of attraction {unknown}
 o - 3 potions of brilliance
 u - 5 potions of flight
 w - a potion of mutation
 z - a potion of magic {unknown}
 A - a potion of haste {unknown}
Miscellaneous
 n - a piece from Xom's chessboard (15/15)


   Skills:
 + Level 5.5 Fighting
 * Level 5.2 Short Blades
 + Level 5.2 Dodging
 + Level 8.1 Stealth
 - Level 4.0 Spellcasting
 * Level 5.3 Hexes
 - Level 3.0 Ice Magic


You had 9 spell levels left.
You knew the following spells:

 Your Spells              Type           Power      Damage    Failure   Level
a - Freeze                Ice            48%        1d6       4%          1
b - Confusing Touch       Hex            20%        N/A       6%          3
c - Mephitic Cloud        Conj/Pois/Air  3%         N/A       45%         3

Your spell library contained the following spells:

 Spells                   Type           Power      Damage    Failure   Level
 Slow                     Hex            80%        N/A       1%          1
 Ozocubu's Armour         Ice            12%        N/A       14%         3
 Cigotuvi's Dreadful Rot  Necr/Pois/Air  6%         N/A       26%         2
 Poisonous Vapours        Pois/Air       6%         N/A       26%         2
 Vampiric Draining        Necr           3%         2d6       45%         3


Dungeon Overview and Level Annotations

Branches:
Dungeon (7/15)             Temple (1/1) D:6           Sewer (visited)

Altars:
Dithmenos
Fedhas
Hepliaklqana
Ru
Trog
Vehumet
Wu Jian
Xom
Yredelemnul
Zin
The Shining One


Innate Abilities, Weirdness & Mutations

You cannot wear most types of armour.
You are amphibious.
You can wear up to eight rings at the same time.
Your skin changes colour to match your surroundings (Stealth+).
Your rubbery body absorbs attacks. (AC +1, EV +1)
((You are camouflaged when in or above water. (Stealth+)))
You have tentacles for arms and can constrict up to eight enemies at once.


Message History

The killer bee appears confused.
You grab the killer bee. You constrict the killer bee.
You feel sick. The hound barely misses you.
The killer bee misses the white imp.
The killer bee stings itself.
You barely miss the killer bee.
The killer bee is moderately wounded.
You constrict the killer bee, but do no damage.
You feel sick. The hound misses you. The white imp barely misses you.
The killer bee struggles to escape constriction.
A killer bee comes into view.
You catch the helpless killer bee completely off-guard!
You impale the killer bee!!
You kill the killer bee!
You feel sick. The hound closely misses you. The white imp hits you.
The white imp freezes you.
You feel sick. The hound bites you but does no damage.
The white imp closely misses you. The hound attacks as you move away!
The hound misses you.
You feel sick.
A killer bee comes into view. x2
The white imp gestures at you. The puff of frost misses you.
The hound attacks as you move away! The hound bites you.
The white imp attacks as you move away! The white imp misses you.
A killer bee comes into view.
You feel sick.
A killer bee comes into view.
The hound bites you. The white imp gestures at you. The puff of frost hits you.
* * * LOW HITPOINT WARNING * * *
The hound attacks as you move away! The hound bites you.
* * * LOW HITPOINT WARNING * * *
You feel sick.
You are no longer poisoned.
The killer bee buzzes angrily. x3
The killer bee stings you.
* * * LOW HITPOINT WARNING * * *
A wight comes into view. It is wielding a +0 battleaxe.
The white imp gestures at you. The puff of frost hits you!
You die...

..... ....
####...
#.....#
#.....##
#......#
##....#
##.h@yy##..
#.....yy...z
#.5.........
#...y....)..
#...........
##..........
......#....
.......#....
#.#......<.


You could see a hound, 5 killer bees, a wight and a white imp.

Vanquished Creatures
  Grinder (D:6)
  Sigmund (D:5)
  Eustachio (D:6)
  A steam dragon (D:6)
  Menkaure (D:5)
  A black bear (D:5)
  2 ogres
  An ice beast (D:5)
  A centaur (D:6)
  A phantom (D:6)
  A bullfrog (D:4)
  A scorpion (D:5)
  3 wights (D:6)
  A killer bee (D:7)
  2 howler monkeys
  Crazy Yiuf (D:5)
  2 hounds (D:6)
  2 jellies
  2 orc priests
  4 iguanas
  Terence (D:3)
  5 orc wizards
  9 gnolls
  8 adders
  5 river rats
  A white imp (D:5)
  2 ufetubi (D:5)
  A worm (Sewer)
  2 dart slugs
  21 orcs
  8 endoplasms
  3 giant cockroaches
  11 goblins
  9 hobgoblins
  16 jackals
  4 kobolds
  3 quokkas
  15 ball pythons
  12 bats
  8 frilled lizards
  10 rats
  A bush (D:5)
185 creatures vanquished.

Notes
Turn   | Place    | Note
-------+----------+-------------------------------------------
     0 | D:1      | omnomnOMINOUS the Octopode Wanderer began the quest for the
                  | Orb.
     0 | D:1      | omnomnOMINOUS set off with the following items: a +2
                  | dagger, a scroll of fear, a +0 hat, a potion of curing; and
                  | the following spell memorised: Freeze; and the following
                  | spells available to memorise: Ozocubu's Armour.
     0 | D:1      | Reached XP level 1. HP: 14/14 MP: 2/2
   235 | D:1      | Reached XP level 2. HP: 20/20 MP: 2/4
   397 | D:1      | Reached XP level 3. HP: 25/25 MP: 5/5
   635 | D:1      | Learned a level 3 spell: Confusing Touch
   967 | D:2      | Reached XP level 4. HP: 26/30 MP: 1/7
  1069 | D:2      | Learned a level 3 spell: Mephitic Cloud
  1110 | D:2      | Identified the +0 scale mail of Toxaid {Harm}
  1158 | D:2      | Found a faded altar of an unknown god.
  1813 | D:3      | Reached skill level 1 in Hexes
  1813 | D:3      | Reached XP level 5. HP: 34/36 MP: 8/8
  1861 | D:3      | Noticed Terence
  1870 | D:3      | Killed Terence
  2073 | D:3      | Reached skill level 1 in Short Blades
  2169 | D:4      | Found a shimmering altar of Xom.
  2212 | D:4      | Reached XP level 6. HP: 42/42 MP: 9/9
  2279 | D:4      | Reached skill level 5 in Stealth
  2570 | D:4      | Found a bloodstained altar of Trog.
  2930 | D:4      | Reached XP level 7. HP: 43/47 MP: 11/11
  3211 | D:4      | Found an ornate altar of the Wu Jian Council.
  3211 | D:4      | Found a basalt altar of Yredelemnul.
  3248 | D:5      | Entered Level 5 of the Dungeon
  3388 | D:5      | Found a runed translucent door.
  3389 | D:5      | Noticed Crazy Yiuf
  3397 | D:5      | Killed Crazy Yiuf
  3436 | D:5      | Noticed Menkaure
  3448 | D:5      | Killed Menkaure
  3645 | D:5      | Found a glowing drain.
  3649 | Sewer    | Entered a sewer
  3707 | Sewer    | Reached skill level 6 in Stealth
  4239 | D:5      | Reached XP level 8. HP: 52/54 MP: 13/13
  4952 | D:5      | Noticed Sigmund
  4982 | D:5      | Killed Sigmund
  5001 | D:5      | Reached skill level 7 in Stealth
  5313 | D:6      | Noticed Eustachio
  5321 | D:6      | Killed Eustachio
  5378 | D:6      | Reached skill level 5 in Fighting
  5378 | D:6      | Reached XP level 9. HP: 33/61 MP: 12/15
  5390 | D:6      | Noticed Grinder
  5404 | D:6      | Killed Grinder
  5597 | D:6      | Reached skill level 5 in Dodging
  5770 | D:6      | Reached skill level 5 in Short Blades
  5770 | D:6      | Reached skill level 5 in Hexes
  5892 | D:6      | Reached skill level 8 in Stealth
  6252 | D:6      | Found a staircase to the Ecumenical Temple.
  6261 | Temple   | Entered the Ecumenical Temple
  6350 | Temple   | Became a worshipper of Hepliaklqana the Forgotten
  6590 | D:7      | Killed from afar by a white imp

Illustrated notes

Levels and vault maps discovered:
D:1:      nagdon_arrival_zigzag_paths, layout_basic
D:2:      layout_rooms, ebering_ecumenical_altar_abandoned,
          kennysheep_generic_room_16
D:3:      layout_basic, uniq_terence
D:4:      layout_loops_ring, mainiacjoe_overflow_alcove_2, xom_teletrap_fun,
          gammafunk_temple_overflow_wave
D:5:      layout_basic, gup_sewer_entry_bowl, hellmonk_bongcloud_opening,
          uniq_sigmund, uniq_menkaure, uniq_crazy_yiuf_cottage
D:6:      layout_rooms, lemuel_temple_firewalk_b, solitary_fountain,
          serial_bayou_pond_d, uniq_grinder, uniq_eustachio
D:7:      layout_cave_pools, minmay_nine_imps
Temple:   nicolae_temple_great_sept

Skill      XL: |  1  2  3  4  5  6  7  8  9 |
---------------+----------------------------+-----
Dodging        | 2 3 4 5 |  5.2
Spellcasting   | 2 3 4 |  4.0
Fighting       | 3 4 5 |  5.5
Hexes          | 1 2 4 5 |  5.3
Short Blades   | 1 2 4 5 |  5.2
Stealth        | 5 6 7 8 |  8.1
Ice Magic      | |  3.0

Action                     |  1- 3 |  4- 6 |  7- 9 || total
---------------------------+-------+-------+-------++-------
  Melee: Dagger            |    46 |    91 |   222 ||   359
         Constrict         |     4 |    32 |    50 ||    86
         Tentacles         |     2 |    20 |    80 ||   102
         Punch             |       |     2 |     5 ||     7
         Short sword       |       |    15 |    36 ||    51
   Cast: Freeze            |    10 |    16 |       ||    26
         Confusing Touch   |       |     1 |    22 ||    23
         Mephitic Cloud    |       |     2 |       ||     2
  Evoke: Piece from Xom's  |       |       |     1 ||     1
    Use: Potion            |       |       |     4 ||     4
   Stab: Sleeping          |    19 |    13 |    24 ||    56
         Distracted        |       |     2 |     1 ||     3
         Confused          |       |     2 |    12 ||    14
 Armour: Skin              |     2 |     9 |     6 ||    17
  Dodge: Dodged            |    26 |    76 |   170 ||   272

Table legend: (Time is in decaauts)
 A = Elapsed time spent in this place.
 B = Non-inter-level travel time spent in this place.
 C = Inter-level travel time spent in this place.
 D = Time resting spent in this place.
 E = Time spent auto-exploring this place.
 F = Levels seen in this place.
 G = Mean time per level.
                   A        B        C        D        E       F      G
               +--------+--------+--------+--------+--------+-----+--------+
         Total |   6545 |   6372 |    173 |   1027 |   3872 |   9 |  727.2 |
       Dungeon |   5951 |   5778 |    173 |   1027 |   3491 |   7 |  850.1 |
        Temple |    100 |    100 |      0 |      0 |     62 |   1 |  100.0 |
         Sewer |    493 |    493 |      0 |      0 |    319 |   1 |  493.0 |
               +--------+--------+--------+--------+--------+-----+--------+

Top non-repeatable levels by time:
     D:5: 1556 daAuts
     D:6: 1141 daAuts
     D:4: 986 daAuts
     D:1: 914 daAuts
     D:3: 809 daAuts
     D:2: 529 daAuts
   Sewer: 493 daAuts
  Temple: 100 daAuts
     D:7: 13 daAuts
